 Dungeon Sprint DCSS version 0.25.1-2-g60ff931df9 (webtiles) character file.

Game seed: 12196296619009386617

27 Cadaver the Vexing (level 3, 0/36 HPs)
             Began as a Human Enchanter on Nov 6, 2020.
             Was an Initiate of Okawaru.
             Slain by a warg (8 damage)
             ... in the Dungeon (Sprint VII: "The Pits").
             The game lasted 00:03:34 (295 turns).

Cadaver the Vexing (Human Enchanter)                 Turns: 295, Time: 00:03:35

Health: 0/36       AC:  2    Str:  9    XL:     3   Next: 25%
Magic:  3/7        EV: 13    Int: 15    God:    Okawaru [......]
Gold:   0          SH:  0    Dex: 13    Spells: 4/7 levels left

rFire    . . .     SeeInvis .   c - +2 falchion
rCold    . . .     Gourm    .   (no shield)
rNeg     . . .     Faith    .   b - +0 robe
rPois    .         Spirit   .   (no helmet)
rElec    .         Reflect  .   (no cloak)
rCorr    .         Harm     .   (no gloves)
MR       .....     NoTele   +   (no boots)
Stlth    ..........             (no amulet)
HPRegen  0.12/turn              (no ring)
MPRegen  0.10/turn              (no ring)

@: berserking, very quick
A: no striking features
a: Renounce Religion


You were in the Dungeon.
You worshipped Okawaru.
Okawaru was noncommittal.
You were not hungry.

You visited 1 branch

Inventory:

Hand Weapons
 a - a +1 dagger
 c - a +2 falchion (weapon)
Missiles
 l - 10 stones (quivered)
Armour
 b - a +0 robe (worn)
Scrolls
 j - a scroll of blinking
 m - 3 scrolls of remove curse
 n - 5 scrolls of amnesia
 o - a scroll of summoning
 p - 2 scrolls of vulnerability
Potions
 e - a potion of curing
 f - a potion of heal wounds
 g - a potion of haste
 h - 4 potions of magic
 i - 2 potions of berserk rage
 k - 2 potions of invisibility
Comestibles
 d - 9 rations
 q - a chunk of flesh


   Skills:
 + Level 0.3 Fighting
 + Level 1.0(1.4) Short Blades
 * Level 1.6(1.8) Long Blades
 + Level 2.7 Dodging
 + Level 4.4 Stealth
 + Level 2.8 Spellcasting
 + Level 4.5 Hexes


You had 4 spell levels left.
You knew the following spells:

 Your Spells              Type           Power        Failure   Level  Hunger
a - Corona                Hex            ###....      3%          1    #......
b - Ensorcelled Hibernat  Hex/Ice        #.....       12%         2    ##.....

Your spell library contained the following spells:

 Spells                   Type           Power        Failure   Level  Hunger
 Confusing Touch          Hex            ###.....     10%         3    ###....
 Tukima's Dance           Hex            ###.....     10%         3    ###....
 Dazzling Flash           Conj/Hex       #.....       24%         3    ###....


Dungeon Overview and Level Annotations

Branches:
Dungeon (1/1)

Altars:
Ashenzari
Cheibriados
Dithmenos
Elyvilon
Fedhas
Gozag
Hepliaklqana
Kikubaaqudgha
Makhleb
Nemelex Xobeh
Okawaru
Qazlal
Ru
Sif Muna
Trog
Uskayaw
Vehumet
Wu Jian
Xom
Yredelemnul
Zin
The Shining One
Beogh
Jiyva
Lugonu


Message History

You barely miss the warg. The warg bites you! The kobold hits you.
You closely miss the warg. The warg bites you. The kobold closely misses you.
You riposte.
You closely miss the kobold. You slash the warg!
The warg is moderately wounded.
The warg closely misses you. The kobold misses you.
You riposte.
You slash the kobold!
You kill the kobold!
Okawaru accepts your kill.
You hit the warg.
The warg is heavily wounded.
The warg bites you!
* * * LOW HITPOINT WARNING * * *
You hit the warg.
The warg is severely wounded.
The warg barely misses you.
You slash the warg!
The warg is almost dead.
The warg bites you!
You die...

#..|.')))'.##......#..
##########.##.........
#.......)...'.........
#+#####'#####......#..
#...#.# #.........
#...#.# ####'#####
#...'.# #.......#
##'#### #.......#
#..@†.# #.......#
#...h.# #...<...#
#........ #.......#
#........##.......#
###########.......#
#########


You could see a warg.

Vanquished Creatures
  A river rat (D)
  An ufetubus (D)
  An ooze (D)
  An adder skeleton (D)
  A bat (D)
  A bat skeleton (D)
  2 kobolds (D)
8 creatures vanquished.

Vanquished Creatures (others)
  A bone dragon (D)
  A deep elf annihilator (D)
  A dancing weapon (D)
  An air elemental (D)
4 creatures vanquished.

Grand Total: 12 creatures vanquished

Notes
Turn   | Place    | Note
-------+----------+-------------------------------------------
     0 | D        | Cadaver the Human Enchanter began the quest for the Orb.
     0 | D        | Reached XP level 1. HP: 13/13 MP: 3/3
     4 | D        | Killed an air elemental
    10 | D        | Killed a deep elf annihilator
    18 | D        | Reached XP level 2. HP: 19/19 MP: 1/5
    47 | D        | Found a glowing golden altar of the Shining One.
    47 | D        | Found a glowing silver altar of Zin.
    47 | D        | Found a basalt altar of Yredelemnul.
    47 | D        | Found a shimmering altar of Xom.
    47 | D        | Found an ornate altar of the Wu Jian Council.
    47 | D        | Found a bloodstained altar of Trog.
    47 | D        | Found a shimmering blue altar of Sif Muna.
    47 | D        | Found a sacrificial altar of Ru.
    47 | D        | Found a stormy altar of Qazlal.
    47 | D        | Found an iron altar of Okawaru.
    47 | D        | Found a sparkling altar of Nemelex Xobeh.
    47 | D        | Found a burning altar of Makhleb.
    47 | D        | Found a viscous altar of Jiyva.
    47 | D        | Found a hazy altar of Hepliaklqana.
    47 | D        | Found an opulent altar of Gozag.
    47 | D        | Found a blossoming altar of Fedhas.
    47 | D        | Found a white marble altar of Elyvilon.
    47 | D        | Found a shadowy altar of Dithmenos.
    47 | D        | Found a snail-covered altar of Cheibriados.
    48 | D        | Found a radiant altar of Vehumet.
    48 | D        | Found a corrupted altar of Lugonu.
    48 | D        | Found a roughly hewn altar of Beogh.
    49 | D        | Found a hide-covered altar of Uskayaw.
    49 | D        | Found an ancient bone altar of Kikubaaqudgha.
    49 | D        | Found a shattered altar of Ashenzari.
    55 | D        | Became a worshipper of Warmaster Okawaru
    88 | D        | Learned a level 2 spell: Ensorcelled Hibernation
   148 | D        | Reached skill level 1 in Long Blades
   148 | D        | Reached XP level 3. HP: 15/24 MP: 7/7
   193 | D        | Killed a bone dragon
   263 | D        | Noticed a warg
   265 | D        | Killed a runed halberd
   295 | D        | Slain by a warg

Illustrated notes

Levels and vault maps discovered:
D:        pitsprint [storerooms_1, entrance_room_1, metal_vault_1, armoury_3,
          mini_pit_1, grid_room_1, main_hall_1, silver_pit, the_coven_2,
          the_vestibule_1, steel_vault_4, golden_pit, hallway_of_sentries,
          crystal_vault_2, iron_vault_5, final_vault]

Skill      XL: |  1  2 |
---------------+-------+-----
Hexes          | 4 |  4.5
Stealth        | 4 |  4.4
Long Blades    | 1 |  1.6
Fighting       | |  0.3
Short Blades   | |  1.0
Dodging        | |  2.7
Spellcasting   | |  2.8

Action                   || total
-------------------------++-------
Melee: Dagger            ||     6
       Falchion          ||    19
 Cast: Corona            ||     2
       Ensorcelled Hiber ||     4
  Use: Potion            ||     1
 Stab: Sleeping          ||     3
Armor: Robe              ||     6
Dodge: Dodged            ||    34
       Rpst.: Falchion   ||     6
